 Dungeon Crawl Stone Soup version 0.31-a0-365-gcf821cafb2 (webtiles) character file.

Game seed: 18071951008768074592

65 drugrobin the Sneak (level 3, 30/30 HPs)
             Began as a Demigod Delver on July 27, 2023.
             Quit the game on level 1 of the Dungeon.
             The game lasted 00:04:00 (1336 turns).

drugrobin the Sneak (Demigod Delver)                Turns: 1336, Time: 00:04:01

Health: 30/30      AC: 11    Str: 17    XL:     3   Next: 66%
Magic:  5/5        EV:  5    Int: 12    God:
Gold:   66         SH:  0    Dex: 15    Spells: 0/2 levels left

rFire   . . .        a - +0 hand axe
rCold   . . .        (no shield)
rNeg    . . .        h - +0 plate armour
rPois   .            (no helmet)
rElec   .            (no cloak)
rCorr   .            k - +0 pair of gloves
SInv    .            (no boots)
Will    .....        (no amulet) Stlth
                     (no ring)
HPRegen 0.25/turn    (no ring)
MPRegen 0.09/turn

%: no passive effects
@: no status effects
A: high MP 1, forlorn, divine attributes
a: no special abilities


You were on level 1 of the Dungeon.
You visited 1 branch of the dungeon, and saw 5 of its levels.

You collected 66 gold pieces.

Inventory:

Hand Weapons
 a - a +0 hand axe (weapon)
 b - a +0 sling
Armour
 h - a +0 plate armour (worn)
 j - a +0 leather armour
 k - a +0 pair of gloves (worn)
Magical Staves
 m - a staff of fire
Wands
 g - a wand of digging (3)
Scrolls
 c - a scroll of fog
 d - a scroll of noise {unknown}
 e - a scroll of fear
 i - 6 scrolls of identify {unknown}
Potions
 f - a potion of haste
 l - a potion of curing {unknown}
 n - a potion of attraction {unknown}


   Skills:
 - Level 2.6 Fighting
 + Level 3.9 Axes
 - Level 1.7 Dodging
 - Level 4.5 Stealth


You couldn't memorise any spells.
You knew the following spells:

 Your Spells              Type           Power      Damage    Failure   Level
a - Call Imp              Summ           0%         N/A       100%        2

Your spell library contained the following spells:

 Spells                   Type           Power      Damage    Failure   Level
 Kiss of Death            Conj/Necr      0%         2d5       100%        1
 Magic Dart               Conj           0%         1d3       100%        1
 Confusing Touch          Hex            0%         N/A       100%        3
 Mephitic Cloud           Conj/Pois/Air  0%         N/A       100%        3
 Portal Projectile        Hex/Tloc       0%         N/A       100%        3
 Tukima's Dance           Hex            0%         N/A       100%        3
 Dispel Undead            Necr           0%         3d6       100%        4
 Iskenderun's Mystic Bla  Conj/Tloc      0%         2d3       100%        4


Dungeon Overview and Level Annotations

Branches:
Dungeon (5/15)
 Temple: D:4-7

Shops:
D:4 *

Annotations:
D:4 Edmund


Innate Abilities, Weirdness & Mutations

You have an increased reservoir of magic. (+10% MP)
You shall have no god before yourself.
Your divine heritage dramatically boosts your attributes as you level up.


Message History

You slash the endoplasm!
You kill the endoplasm!
Could not explore, unopened door.
You open the door.
Could not explore, unopened door.
You open the door.
There is an open door here.
There is an open door here.
Could not explore, unopened door.
Could not explore, unopened door.
You open the door.
Could not explore, unopened door.
You open the door.
There is an open door here.
Could not explore, unopened door.
You open the door.
There is an open door here.
You open the door.
There is an open door here.
Could not explore, unopened door.
You open the door.
There is an open door here.
There is an open door here.
Could not explore, unopened door.
You open the door.
There is an open door here.
You see here a +0 leather armour.
Key pressed, stopping explore.
There is an open door here.
There is an open door here.
Unknown command.
Unknown command.
You open the door.
There is an open door here.
There is a dry fountain here.
Could not explore, unopened door.
You open the door.
Done exploring.
Done exploring.
Are you sure you want to abandon this character and quit the game? (Confirm with "yes".)

..#...#...#...#...#.#......#.....
..##'###########'##.##.....#.....
..#...#...#...#...#........#.....
..'...#...'...#...#..............
..#...#...#...#...#.....#....#...
.)##'#######'###'##.....#........
..#...#...#...#...#.....#........
..#.†.'.⌠.'.<.#.⌠.#.###.#........
..#...#...#...#.@.#.###.#........
..##'###'#######'##..............
..#...#.(.#...#...###.#+##.......
'##.⌠.+...'...#...# #............
.##...#...#...#...###....#.#....#
.###########'######........#.##.#
.#######........................'
......................#.##.######
################............# #


There were no monsters in sight!

Vanquished Creatures
  2 adders
  2 dart slugs (D:2)
  An orc (D:3)
  5 endoplasms
  2 giant cockroaches (D:1)
  2 goblins
  3 hobgoblins
  4 jackals (D:1)
  A quokka (D:2)
  A ball python (D:2)
  5 bats
  2 frilled lizards
  2 kobolds
  7 rats
39 creatures vanquished.

Vanquished Creatures (collateral kills)
  A ball python (D:1)
1 creature vanquished.

Grand Total: 40 creatures vanquished

Notes
Turn   | Place    | Note
-------+----------+-------------------------------------------
     0 | D:5      | drugrobin the Demigod Delver began the quest for the Orb.
     0 | D:5      | Reached XP level 1. HP: 18/18 MP: 3/3
    24 | D:5      | Noticed a hound
    25 | D:5      | Noticed a phantom
   194 | D:4      | Noticed Edmund
   195 | D:4      | Found Pumoetalish's Assorted Antiques.
   247 | D:3      | Reached XP level 2. HP: 25/25 MP: 4/4
   564 | D:2      | Reached XP level 3. HP: 22/30 MP: 5/5
   762 | D:1      | Learned a level 2 spell: Call Imp
  1336 | D:1      | Quit the game

Illustrated notes

Levels and vault maps discovered:
D:1:      co_arrival_random_square_maze, layout_basic
D:2:      layout_loops_ring
D:3:      layout_rooms, mainiacjoe_overflow_brackets,
          mainiacjoe_overflow_small_starburst
D:4:      layout_basic, serial_shops, nicolae_shop_hallway_plus, minivault_5,
          uniq_edmund
D:5:      layout_loops_ring, okawaru_gym_becter, lemuel_round_altar,
          kennysheep_mini, minmay_temple_entry_poolview

Skill      XL: |  1  2 |
---------------+-------+-----
Axes           | 2 3 |  3.9
Fighting       | |  2.6
Dodging        | |  1.7
Stealth        | |  4.5

Action                     || total
---------------------------++-------
  Melee: Hand axe          ||   102
         Punch             ||     1
   Fire: Sling             ||     7
   Cast: Call Imp          ||     1
    Use: Scroll            ||     1
   Stab: Sleeping          ||     7
 Armour: Leather armour    ||    15
         Plate armour      ||    20
  Dodge: Dodged            ||    53

Table legend: (Time is in decaauts)
 A = Elapsed time spent in this place.
 B = Non-inter-level travel time spent in this place.
 C = Inter-level travel time spent in this place.
 D = Time resting spent in this place.
 E = Time spent auto-exploring this place.
 F = Levels seen in this place.
 G = Mean time per level.
                   A        B        C        D        E       F      G
               +--------+--------+--------+--------+--------+-----+--------+
         Total |   1349 |   1349 |      0 |      0 |    760 |   5 |  269.8 |
       Dungeon |   1349 |   1349 |      0 |      0 |    760 |   5 |  269.8 |
               +--------+--------+--------+--------+--------+-----+--------+

Top non-repeatable levels by time:
     D:1: 737 daAuts
     D:2: 237 daAuts
     D:4: 207 daAuts
     D:3: 142 daAuts
     D:5: 26 daAuts
